 Dungeon Crawl Stone Soup version 0.27-a0-1381-g81fdcbfb23 (webtiles) character file.

Game seed: 4913365038668894229

185 Nattfarinn the Cutter (level 5, 0/49 HPs)
             Began as a Kobold Berserker on June 30, 2021.
             Was a Priest of Trog.
             Killed from afar by a kobold (14 damage)
             ... with a bolt of acid
             ... on level 3 of the Dungeon.
             The game lasted 00:03:18 (3302 turns).

Nattfarinn the Cutter (Kobold Berserker)            Turns: 3302, Time: 00:03:19

Health: 0/49       AC:  0    Str: 21    XL:     5   Next: 96%
Magic:  5/5        EV: 15    Int:  8    God:    Trog [***...]
Gold:   120        SH:  0    Dex: 15    Spells: 4/4 levels left

rFire    . . .     SeeInvis .   a - +0 short sword
rCold    . . .     Faith    .   (shield restricted)
rNeg     . . .     Spirit   .   b - +0 animal skin
rPois    .         Reflect  .   (no helmet)
rElec    .         Harm     .   o - scarf {shadows}
rCorr    .         Rampage  .   c - +0 pair of gloves
Will     ++...                  h - +0 pair of boots
Stlth    ..........             (no amulet)
HPRegen  1.16/turn              d - +6 ring of strength
MPRegen  0.09/turn              (no ring)

@: berserking, strong-willed, corroded, regenerating, very quick
A: small, no large weapons, nightstalker 3
a: Renounce Religion, Berserk, Trog's Hand


You were on level 3 of the Dungeon.
You worshipped Trog.
Trog was most pleased with you.
You visited 1 branch of the dungeon, and saw 3 of its levels.

You collected 120 gold pieces.

Inventory:

Hand Weapons
 a - a +0 short sword (weapon)
Armour
 b - a +0 animal skin (worn)
 c - a +0 pair of gloves (worn)
 h - a +0 pair of boots (worn)
 o - a scarf of shadows (worn)
Jewellery
 d - a +6 ring of strength (left hand)
 f - a ring of magical power
 n - a ring of protection from cold
Wands
 l - a wand of iceblast (10)
Scrolls
 j - a scroll of magic mapping
 k - 3 scrolls of identify
 m - a scroll of fog {unknown}
Potions
 e - a potion of berserk rage {unknown}
 g - a potion of flight {unknown}
 i - a potion of might {unknown}


   Skills:
 + Level 4.2 Fighting
 * Level 6.0 Short Blades
 + Level 2.4 Armour
 + Level 3.7 Dodging


You had 4 spell levels left.
You didn't know any spells.
Your spell library was empty.

Dungeon Overview and Level Annotations

Branches:
Dungeon (3/15)

Altars:


Innate Abilities, Weirdness & Mutations

You are small and have problems with some larger weapons.
You are completely attuned to the shadows.


Message History

You see here a rat corpse.
Found 15 poisoned darts.
A rat comes into view.
A worm comes into view.
You hit the worm.
The worm is moderately wounded.
You hit the worm.
The worm is heavily wounded.
The worm misses you.
You hit the worm.
The worm is heavily wounded.
You barely miss the worm.
The worm is heavily wounded.
The rat closely misses you. The worm bites you but does no damage.
You hit the worm.
The worm is severely wounded.
The rat closely misses you.
You hit the worm.
You kill the worm!
Trog accepts your kill. The rat bites you but does no damage.
You closely miss the rat.
A kobold comes into view.
It is wielding a staff of death and carrying a wand of acid (9).
The rat misses you.
You hit the rat.
You kill the rat!
Trog accepts your kill.
The kobold zaps a wand.
The bolt of acid hits you!
Ouch! That really hurt!
The acid corrodes you!
You are splashed with acid!
* * * LOW HITPOINT WARNING * * *
Found a stone staircase leading down.
You are too injured to fight recklessly!
Your skin crawls.
You feel strong-willed. The kobold barely misses you.
A red film seems to cover your vision as you go berserk!
You feel yourself moving faster!
You feel mighty!
The kobold zaps a wand.
The bolt of acid hits you!
You die...

########
#.......
##.......
#....@...
#...(K..
#.......
#......>
###.....
#.....#
#.....#
#.....#
###.###


You could see a kobold.

Vanquished Creatures
  Ijyb (D:3)
  Natasha (D:3)
  An orc wizard (D:3)
  An adder (D:2)
  2 adder skeletons (D:2)
  An adder zombie (D:2)
  A worm (D:3)
  3 dart slugs
  6 orcs (D:3)
  6 ball pythons
  6 bats
  4 bat skeletons (D:2)
  A bat zombie (D:2)
  5 endoplasms
  5 giant cockroaches
  4 hobgoblins (D:1)
  5 kobolds
  A quokka (D:1)
  A ball python skeleton (D:2)
  2 ball python zombies (D:2)
  4 frilled lizards
  A giant cockroach zombie (D:2)
  2 goblins (D:2)
  2 quokka skeletons (D:2)
  15 rats
81 creatures vanquished.

Notes
Turn   | Place    | Note
-------+----------+-------------------------------------------
     0 | D:1      | Nattfarinn the Kobold Berserker began the quest for the
                  | Orb.
     0 | D:1      | Reached XP level 1. HP: 14/14 MP: 1/1
   204 | D:1      | Reached XP level 2. HP: 19/19 MP: 2/2
   557 | D:1      | Reached XP level 3. HP: 23/23 MP: 3/3
   635 | D:1      | Reached ** piety under Trog
   652 | D:1      | Noticed a shining eye
   653 | D:1      | Noticed a golden eye
   662 | D:1      | Noticed a floating eye
   693 | D:1      | Found a faded altar of an unknown god.
   693 | D:1      | Noticed a shining eye
  1597 | D:2      | Reached XP level 4. HP: 28/29 MP: 4/4
  1625 | D:2      | Reached skill level 5 in Short Blades
  2861 | D:3      | Noticed Ijyb
  2876 | D:3      | Killed Ijyb
  2877 | D:3      | Reached XP level 5. HP: 33/33 MP: 5/5
  2962 | D:3      | Noticed Natasha
  2966 | D:3      | Killed Natasha
  2977 | D:3      | Reached *** piety under Trog
  3262 | D:3      | Reached skill level 6 in Short Blades
  3302 | D:3      | Killed from afar by a kobold

Illustrated notes

Levels and vault maps discovered:
D:1:      eino_arrival_water_star, layout_basic,
          hellmonk_ecumenical_altar_watching_god,
          chequers_serial_rivers_small_b, minmay_domino_4
D:2:      layout_loops_corners, serial_undead, serial_undead_f, serial_undead_d,
          serial_undead_d, serial_undead_a, serial_undead_a, serial_undead_d,
          serial_undead_d, serial_undead_f
D:3:      layout_basic, uniq_ijyb, uniq_natasha

Skill      XL: |  1  2  3  4  5 |
---------------+----------------+-----
Armour         | 2 |  2.4
Dodging        | 3 |  3.7
Short Blades   | 5 6 |  6.0
Fighting       | 4 |  4.2

Action                   |  1- 3 |  4- 6 || total
-------------------------+-------+-------++-------
Melee: Short sword       |    72 |   138 ||   210
Invok: Berserk           |     1 |     4 ||     5
       Trog's Hand       |       |     1 ||     1
  Use: Scroll            |       |     1 ||     1
 Stab: Sleeping          |    12 |     9 ||    21
       Distracted        |       |     1 ||     1
Armor: Animal skin       |     6 |    29 ||    35
Dodge: Dodged            |    41 |    78 ||   119

Table legend: (Time is in decaauts)
 A = Elapsed time spent in this place.
 B = Non-inter-level travel time spent in this place.
 C = Inter-level travel time spent in this place.
 D = Time resting spent in this place.
 E = Time spent auto-exploring this place.
 F = Levels seen in this place.
 G = Mean time per level.
                   A        B        C        D        E       F      G
               +--------+--------+--------+--------+--------+-----+--------+
         Total |   3309 |   3101 |    208 |    376 |   2318 |   3 | 1103.0 |
       Dungeon |   3309 |   3101 |    208 |    376 |   2318 |   3 | 1103.0 |
               +--------+--------+--------+--------+--------+-----+--------+

Top non-repeatable levels by time:
     D:1: 1489 daAuts
     D:2: 1182 daAuts
     D:3: 637 daAuts
